Map: Flashback EE

Players

Leftraru

  • Race: Zerg Zerg
  • League: Platinum
  • Spawn Location: 9:00

Benjoide

  • Race: Terran Terran
  • Spawn Location: 11:00

Granjaaa

  • Race: Protoss Protoss
  • League: Platinum
  • Spawn Location: 11:00

MrFercho - Winner!

  • Race: Zerg Zerg
  • League: Gold
  • Spawn Location: 7:00

tigro - Winner!

  • Race: Terran Terran
  • League: Bronze
  • Spawn Location: 7:00

TATORREA - Winner!

  • Race: Protoss Protoss
  • League: Gold
  • Spawn Location: 7:00

VOD

Have the link to the VOD?

Description

Time

  • Played on: Aug. 5, 2020, 9:04 p.m.
  • Length: 25:22
Show
View Real Time Build Order
Export as new Build Order

Leftraru Zerg 

Build Orders: Hatch First, Brood Lord Corruptor 

Get SALT Encoding   

  12  0:02  Drone  
  13  0:11  Drone  
  14  0:35  Hatchery  
  13  0:38  Drone  
  14  0:56  Spawning Pool  
  13  0:57  Drone  
  14  1:07  Overlord  
  14  1:25  Extractor  
  13  1:27  Drone x3  
  16  1:42  Zergling x2  
  17  1:49  Drone  
  17  1:52  Queen  
  17  1:53  Drone  
  21  2:02  Zergling x2  
  22  2:12  Drone x2  
  22  2:15  Zergling x2  
  25  2:20  Overlord  
  25  2:23  Drone  
  25  2:29  Metabolic Boost  
  26  2:32  Drone  
  27  2:43  Drone x2  
  29  2:47  Drone  
  31  3:05  Drone x2  
  31  3:08  Lair  
  31  3:10  Drone x2  
  34  3:13  Queen  
  34  3:17  Overlord  
  36  3:20  Overlord  
  36  3:28  Hatchery  
  36  3:29  Extractor  
  36  3:30  Spore Crawler  
  33  3:37  Spore Crawler  
  33  3:40  Drone x6  
  38  3:42  Drone  
  38  3:44  Drone  
  38  3:46  Drone  
  41  3:57  Zergling x2  
  41  3:59  Zergling x2  
  43  4:05  Drone  
  43  4:07  Extractor  
  43  4:09  Extractor  
  42  4:10  Zergling x2, Drone x2  
  42  4:17  Spore Crawler  
  44  4:19  Hydralisk Den  
  44  4:23  Infestation Pit  
  44  4:24  Drone x2  
  44  4:26  Zergling x4  
  46  4:37  Zergling x4  
  48  4:39  Queen  
  50  4:55  Grooved Spines, Spire  
  50  4:56  Drone  
  50  4:59  Drone x4  
  54  5:04  Spore Crawler  
  54  5:05  Spore Crawler  
  52  5:08  Queen  
  52  5:09  Drone x3  
  52  5:11  Drone  
  52  5:13  Overlord  
  58  5:55  Zergling x4, Drone x2  
  58  5:56  Zergling x2  
  63  5:57  Hydralisk  
  63  5:59  Overlord x5  
  65  6:06  Muscular Augments  
  65  6:16  Corruptor, Spore Crawler  
  66  6:19  Overlord x3  
  66  6:25  Queen, Spore Crawler  
  67  6:44  Corruptor x3  
  73  6:48  Hive  
  73  6:57  Drone x3  
  73  7:00  Queen  
  78  7:05  Corruptor  
  80  7:10  Hydralisk x2  
  80  7:11  Hydralisk x4  
  92  7:31  Drone x3  
  92  7:36  Queen, Drone x3  
  100  7:45  Corruptor x4  
  100  7:46  Corruptor x2  
  100  7:48  Corruptor  
  114  7:57  Drone x2  
  116  8:03  Greater Spire  
  116  8:08  Corruptor x2  
  120  8:13  Extractor  
  120  8:16  Extractor, Drone  
  119  8:20  Corruptor  
  115  9:10  Overlord x3  
  115  9:11  Overlord x5  
  98  9:41  Zergling x8  
  98  9:43  Zergling x6  
  97  10:14  Drone x7  
  99  10:19  Brood Lord x7  
  118  10:22  Zergling x6  
  118  10:23  Zergling x8  
  125  10:57  Corruptor x3  
  125  10:58  Corruptor x2  
  125  11:00  Corruptor x2  
  125  11:02  Zergling x2  
  140  11:08  Hatchery  
  139  11:14  Hatchery  
  139  11:16  Evolution Chamber  
  137  11:22  Evolution Chamber  
  136  11:26  Overlord x3  
  136  11:27  Overlord x2  
  136  11:44  Corruptor x2  
  136  11:45  Corruptor  
  142  11:47  Overseer  
  142  11:48  Overseer  
  142  11:49  Hatchery, Pneumatized Carapace  
  141  11:54  Corruptor  
  141  11:55  Corruptor x3  
  149  12:28  Corruptor x5  
  149  12:29  Corruptor  
  161  12:49  Corruptor x2  
  161  12:50  Corruptor  
  150  13:57  Corruptor x2  
  150  13:58  Corruptor  
  150  14:01  Corruptor x4  
  150  14:02  Corruptor x5  
  102  14:52  Corruptor x2  
  102  14:53  Corruptor x5  
  102  14:59  Drone  
  118  15:00  Drone x2  
  118  15:06  Ultralisk Cavern  
  118  15:08  Zerg Melee Weapons Level 1  
  118  15:31  Corruptor x2  
  118  15:32  Corruptor x2  
  126  15:39  Extractor  
  126  15:41  Extractor, Drone x2  
  126  15:42  Drone  
  127  16:01  Corruptor x3  
  133  16:17  Drone  
  133  16:18  Drone x4  
  138  17:44  Ultralisk x3  
  156  17:45  Anabolic Synthesis  
  146  18:28  Chitinous Plating  
  146  18:30  Ultralisk x6  
  146  18:31  Ultralisk, Zergling x8  
  146  18:32  Zergling x14  
  146  18:33  Zergling x2  
  200  19:04  Zerg Melee Weapons Level 2  
  200  19:06  Zerg Ground Armor Level 1  
  177  19:37  Hydralisk x7  
  177  19:38  Hydralisk  
  188  19:43  Ultralisk, Zergling x4  
  156  20:04  Ultralisk  
  156  20:05  Zergling x4  
  160  20:07  Zergling x4  
  160  20:08  Zergling x2  
  160  20:10  Zergling x10  
  160  20:11  Zergling x14  
  160  20:12  Zergling x12  
  160  20:13  Zergling x2  
  182  20:16  Baneling Nest  
  121  21:26  Hydralisk x2  
  121  21:27  Hydralisk x7  
  121  21:28  Hydralisk x4  
  145  21:46  Zergling x6  
  127  22:35  Zergling x6  
  130  22:38  Drone x3, Spine Crawler  
  130  22:40  Extractor  
  130  22:42  Extractor, Zergling x12  
  130  22:43  Zergling x12  
  138  22:44  Centrifical Hooks  
  124  22:51  Extractor  
  99  23:01  Extractor  
  99  23:02  Overseer x4  
  96  23:08  Spore Crawler  
  96  23:11  Spine Crawler  
  96  23:12  Spine Crawler, Drone x3  
  68  23:45  Hydralisk x3  
  68  23:46  Hydralisk x7  
  68  23:47  Zergling x2  
  68  23:48  Zergling x12  
  94  23:50  Zergling x6  
  94  23:51  Zergling x2  
  94  23:52  Zergling x4  
  94  23:53  Zergling x10  
  94  23:54  Zergling x6  
  88  24:41  Hydralisk x2  
  88  24:42  Hydralisk  
  88  24:43  Hydralisk x3  
  88  24:44  Hydralisk x4  
Show
View Real Time Build Order
Export as new Build Order

Benjoide Terran 

Build Orders:  

Get SALT Encoding   

  12  0:01  SCV  
  13  0:19  SCV  
  14  0:28  Supply Depot  
  14  0:31  SCV  
  15  0:49  SCV  
  16  0:52  Barracks  
  16  1:01  SCV  
  17  1:12  Barracks  
  17  1:42  Marine  
  18  1:49  Command Center  
  18  1:53  Barracks  
  18  2:00  Marine  
  19  2:02  Bunker  
  19  2:13  Marine  
  20  2:18  Marine, SCV  
  20  2:22  Refinery  
  22  2:30  SCV  
  23  2:42  Supply Depot  
  23  3:03  SCV  
  24  3:09  Command Center  
  24  3:15  SCV  
  24  3:19  Barracks Tech Lab  
  25  3:21  Marine x2  
  27  3:37  SCV  
  27  3:39  Marine x3  
  31  3:44  Refinery  
  31  3:49  SCV  
  32  4:01  Orbital Command  
  32  4:05  SCV  
  33  4:17  SCV  
  34  4:26  Barracks Reactor  
  34  4:29  SCV  
  35  4:34  Barracks Reactor, Combat Shield  
  35  4:40  Marine  
  36  4:52  SCV x3  
  39  4:58  Marine  
  40  5:02  Marine x2  
  40  5:04  SCV x3  
  45  5:15  Marine  
  45  5:16  SCV x3  
  45  5:18  Factory  
  45  5:20  Marine x2  
  51  5:22  Marine x2  
  51  5:28  SCV  
  54  5:33  Marine  
  54  5:34  Factory  
  55  5:38  Marine x2  
  55  5:39  Marine  
  55  5:40  SCV x3  
  61  5:55  SCV  
  61  6:23  SCV x3  
  64  6:34  Factory Tech Lab  
  64  6:35  SCV x3  
  67  6:47  SCV x2  
  67  6:48  Barracks Tech Lab  
  69  7:02  Supply Depot  
  69  7:03  Supply Depot  
  69  7:07  Refinery x2  
  69  7:09  Refinery  
  69  7:11  Refinery, Orbital Command  
  69  7:13  Orbital Command  
  69  7:23  Armory  
  69  7:24  Marine x4, Siege Tank, SCV  
  69  7:26  Supply Depot  
  69  7:27  Supply Depot  
  69  7:29  Engineering Bay  
  77  7:36  SCV  
  78  7:41  Starport  
  78  7:42  Marine x4, Starport  
  78  7:44  Starport  
  82  7:49  Supply Depot  
  82  7:51  Supply Depot  
  82  7:55  Starport  
  82  7:59  Marine x4  
  86  8:11  Terran Infantry Armor Level 1  
  86  8:14  Marine  
  86  8:17  Marine x4  
  91  8:30  Smart Servos  
  91  8:32  Marine  
  92  8:35  Marine x4  
  96  8:46  SCV  
  97  8:49  Marine  
  97  8:50  SCV x2  
  97  8:53  Marine x4  
  104  8:58  SCV  
  104  9:02  SCV x2  
  107  9:07  Marine  
  108  9:10  SCV  
  108  9:14  SCV x2  
  108  9:15  Missile Turret x2  
  108  9:17  Missile Turret, Starport Tech Lab x2  
  111  9:18  Starport Tech Lab  
  111  9:19  Missile Turret, Starport Tech Lab  
  111  9:20  Missile Turret  
  111  9:22  SCV  
  101  9:25  Marine  
  101  9:26  Fusion Core  
  78  9:35  SCV  
  71  9:38  Marine x2  
  71  9:39  Marine x2  
  71  9:43  Marine  
  71  9:45  Siege Tank x2  
  82  9:56  Marine x4  
  86  10:01  Marine  
  86  10:05  Terran Infantry Weapons Level 1  
  87  10:07  Factory  
  87  10:13  SCV  
  87  10:14  Marine x4  
  88  10:17  Siege Tank x2  
  88  10:18  Marine  
  88  10:19  Weapon Refit  
  99  10:21  Terran Vehicle And Ship Armor Level 1  
  99  10:25  SCV  
  100  10:32  Marine x4  
  104  10:36  Marine  
  104  10:37  SCV  
  106  10:49  Marine, Siege Tank  
  112  10:50  Marine x3, Siege Tank  
  112  10:52  Factory Tech Lab  
  112  10:54  Marine  
  117  11:07  Marine x2  
  117  11:08  Marine x2, Battlecruiser x2  
  133  11:12  Marine  
  133  11:14  Battlecruiser  
  140  11:25  Marine x3  
  140  11:26  Marine  
  140  11:30  Marine  
  145  11:43  Marine x4  
  149  11:48  Marine  
  150  11:56  Thor  
  150  11:59  Hi-Sec Auto Tracking  
  150  12:01  Marine x4  
  157  12:05  Marine  
  161  12:12  Missile Turret x2  
  161  12:13  Missile Turret  
  161  12:14  Missile Turret  
  161  12:15  Terran Ship Weapons Level 1  
  161  12:18  Marine  
  161  12:19  Marine x3  
  155  12:23  Marine  
  142  12:36  Marine x2  
  142  12:37  Marine x2  
  134  12:41  Marine  
  132  12:51  Thor  
  132  12:52  Thor x2  
  132  12:54  Marine x3, Battlecruiser  
  132  12:55  Marine  
  132  12:56  Terran Infantry Armor Level 2  
  160  12:59  Marine  
  161  13:07  Supply Depot  
  161  13:08  Supply Depot  
  161  13:09  Supply Depot  
  161  13:10  Supply Depot  
  161  13:12  Supply Depot, Marine x4  
  163  13:14  Supply Depot  
  163  13:17  Marine  
  163  13:19  Missile Turret  
  166  13:21  Missile Turret  
  166  13:24  Missile Turret  
  166  13:30  Marine x4  
  170  13:34  Marine  
  170  13:35  Missile Turret x2  
  171  13:45  Battlecruiser  
  177  13:53  Battlecruiser  
  183  13:56  Missile Turret  
  183  13:58  Missile Turret  
  183  13:59  Thor  
  189  14:09  Terran Vehicle Weapons Level 1  
  189  14:17  Missile Turret  
  189  14:48  Battlecruiser  
  195  15:11  Terran Infantry Weapons Level 2  
  153  16:03  Terran Vehicle And Ship Armor Level 2  
  107  16:16  Battlecruiser x4  
  109  17:07  Marine x2  
  109  17:08  Marine x3  
  114  17:20  Battlecruiser x4  
  138  17:25  Marine x3  
  138  17:26  Marine x2  
  143  17:43  Marine x4  
  143  17:44  Marine  
  148  17:59  Missile Turret x2  
  148  18:00  Missile Turret  
  148  18:01  Marine x5, Missile Turret x2  
  148  18:02  Missile Turret x4  
  148  18:03  Missile Turret x2  
  148  18:04  Missile Turret x2  
  148  18:05  Missile Turret  
  149  18:19  Marine, Terran Ship Weapons Level 2  
  150  18:21  Command Center  
  150  18:26  Missile Turret  
  150  18:49  Missile Turret  
  150  18:53  Missile Turret  
  150  18:54  Missile Turret x2  
  150  18:55  Missile Turret  
  150  18:56  Missile Turret x2  
  150  18:59  Missile Turret  
  150  19:00  Refinery  
  150  19:01  Refinery  
  150  19:07  Bunker  
  150  19:14  Marine  
  150  19:15  Marine x4  
  155  19:32  Marine x2  
  157  19:38  Bunker  
  157  19:44  Orbital Command  
  131  20:08  Battlecruiser x2  
  131  20:12  Bunker  
  114  20:23  Battlecruiser  
  117  20:29  Marine x5  
  114  20:47  Marine x2  
  78  21:27  Battlecruiser  
Show
View Real Time Build Order
Export as new Build Order

Granjaaa Protoss 

Build Orders:  

Get SALT Encoding   

  12  0:01  Probe (Chrono Boost)  
  13  0:11  Probe (Chrono Boost)  
  14  0:19  Pylon  
  14  0:23  Probe  
  15  0:37  Probe  
  16  0:45  Gateway  
  16  0:53  Forge  
  16  0:56  Probe  
  17  1:13  Probe  
  17  1:16  Assimilator  
  18  1:25  Probe  
  19  1:27  Assimilator  
  19  1:37  Probe  
  20  1:41  Pylon, Cybernetics Core  
  20  1:49  Probe  
  21  2:02  Probe  
  21  2:05  Zealot  
  24  2:19  Probe  
  24  2:20  Warp Gate (Chrono Boost)  
  24  2:32  Probe  
  24  2:34  Robotics Facility  
  24  2:41  Zealot  
  24  2:44  Probe  
  27  2:50  Pylon  
  27  2:56  Probe  
  28  3:08  Probe  
  29  3:20  Probe  
  29  3:21  Nexus  
  29  3:25  Assimilator  
  30  3:32  Probe  
  30  3:33  Warp Prism (Chrono Boost)  
  33  3:46  Twilight Council  
  33  3:48  Probe  
  34  4:00  Probe  
  35  4:05  Observer  
  36  4:12  Probe  
  37  4:18  Charge (Chrono Boost)  
  37  4:24  Probe  
  38  4:31  Gateway  
  38  4:32  Gateway  
  38  4:36  Probe  
  38  4:37  Gateway  
  39  4:44  Probe  
  40  4:49  Probe  
  41  4:56  Probe  
  42  5:01  Probe  
  43  5:09  Immortal  
  47  5:14  Protoss Ground Weapons Level 1  
  47  5:20  Pylon  
  47  5:22  Pylon  
  47  5:23  Probe x2  
  49  5:32  Pylon  
  49  5:34  Pylon  
  50  5:35  Probe x2  
  50  5:39  Stalker  
  50  5:40  Stalker  
  54  5:46  Stalker  
  56  5:59  Resonating Glaives (Chrono Boost)  
  56  6:01  Stalker  
  58  6:13  Probe  
  58  6:14  Probe  
  60  6:25  Probe  
  60  6:26  Probe  
  62  6:38  Probe x2  
  64  6:48  Observer (Chrono Boost)  
  64  6:50  Probe x2  
  67  7:02  Probe x2  
  67  7:06  Gateway x2  
  69  7:09  Gateway  
  69  7:10  Gateway  
  69  7:12  Warp Prism  
  71  7:16  Gateway  
  71  7:18  Gateway  
  70  7:57  Zealot x3  
  70  7:58  Zealot  
  74  8:22  Probe x2  
  74  8:23  Blink (Chrono Boost)  
  64  8:28  Stalker x2  
  64  8:29  Stalker x6  
  64  8:30  Stalker  
  82  8:34  Probe x2  
  84  8:46  Probe x2  
  86  8:56  Assimilator  
  86  9:01  Pylon  
  86  9:02  Probe  
  86  9:03  Pylon  
  86  9:04  Probe  
  86  9:07  Stalker, Pylon  
  86  9:08  Stalker x2  
  86  9:19  Probe x2  
  86  9:20  Zealot x2  
  86  9:21  Zealot  
  86  9:32  Zealot  
  86  9:33  Zealot x4  
  86  9:34  Zealot  
  88  9:51  Zealot x2  
  88  9:52  Zealot  
  92  9:54  Assimilator  
  92  9:57  Assimilator  
  92  9:58  Probe x2  
  94  10:04  Photon Cannon  
  94  10:07  Photon Cannon x2  
  94  10:09  Photon Cannon  
  94  10:10  Probe x2  
  94  10:11  Immortal (Chrono Boost)  
  94  10:12  Shield Battery  
  94  10:13  Pylon x2  
  100  10:14  Pylon  
  100  10:19  Pylon  
  100  10:22  Probe x2  
  102  10:34  Probe x2  
  104  10:40  Stalker x6  
  116  10:46  Probe x2  
  118  10:51  Photon Cannon  
  118  10:54  Shield Battery  
  118  11:18  Stalker  
  118  11:19  Stalker x2  
  124  11:26  Stalker  
  126  11:37  Nexus  
  124  11:42  Stalker x4  
  124  12:00  Probe x2  
  122  12:06  Pylon  
  114  12:08  Pylon  
  114  12:12  Probe x2  
  114  12:24  Probe x2  
  102  12:37  Zealot x5  
  102  12:38  Zealot x2  
  102  12:39  Zealot  
  116  12:47  Probe x2  
  116  12:50  Probe  
  119  12:59  Probe  
  120  13:23  Stalker x5  
  128  13:39  Stalker  
  128  13:40  Stalker  
  132  13:43  Assimilator  
  132  13:47  Assimilator  
  132  13:48  Stalker  
  134  13:55  Stalker x2  
  134  14:00  Stalker  
  140  14:13  Stalker  
  140  14:14  Stalker x3  
  148  14:19  Stalker x2  
  152  14:35  Stalker  
  152  14:36  Stalker x3  
  152  14:37  Stalker  
  162  14:51  Photon Cannon  
  162  14:52  Stalker x2  
  164  14:53  Photon Cannon  
  138  15:44  Zealot  
  138  15:45  Zealot x3  
  138  15:46  Zealot x3  
  136  15:56  Stalker x2  
  126  15:57  Stalker  
  110  16:08  Stalker  
  110  16:09  Stalker x4  
  110  16:10  Stalker x2  
  90  16:21  Zealot x2  
  90  16:22  Zealot  
  84  16:34  Zealot x5  
  84  16:35  Zealot x2  
  86  16:42  Probe x3  
  77  16:54  Probe x3  
  78  16:59  Nexus  
  80  17:03  Pylon  
  80  17:06  Probe  
  81  17:11  Zealot  
  81  17:12  Zealot x2  
  87  17:24  Photon Cannon  
  87  17:25  Photon Cannon  
  87  17:30  Photon Cannon  
  87  17:46  Zealot  
  87  17:47  Zealot x4  
  97  18:06  Stalker  
  97  18:07  Stalker x3  
  97  18:11  Zealot  
  105  18:13  Zealot  
  105  18:17  Protoss Ground Weapons Level 2 (Chrono Boost)  
  87  18:31  Zealot x4  
  95  18:36  Assimilator  
  95  18:42  Assimilator  
  95  18:43  Zealot x3  
  101  18:59  Zealot x3  
  101  19:00  Zealot x2  
  111  19:06  Zealot x2  
  115  19:12  Pylon  
  115  19:22  Zealot x4  
  123  19:37  Zealot x5  
  95  19:46  Stalker x2  
  95  19:47  Stalker  
  101  20:04  Zealot x4  
  101  20:05  Zealot x2  
  109  20:22  Photon Cannon  
  109  20:23  Photon Cannon  
  109  20:38  Dark Shrine  
  109  20:47  Zealot  
  109  20:48  Zealot x3  
  117  20:54  Zealot x2  
  121  21:02  Zealot  
  119  21:14  Stalker  
  119  21:15  Stalker  
  119  21:16  Zealot  
  110  21:59  Dark Templar x6  
  110  22:00  Dark Templar x2  
  120  22:15  Dark Templar x2  
  120  22:17  Archon x2  
  80  23:01  Dark Templar x8  
  96  23:18  Dark Templar x2  
  96  23:35  Dark Templar x4  
  102  23:44  Shadow Stride (Chrono Boost)  
  100  23:51  Archon  
  100  23:52  Archon x6  
  100  23:53  Archon  
  100  23:55  Zealot x3  
  106  24:02  Stalker  
  98  24:27  Dark Templar x2  
  98  24:28  Dark Templar x3  
  98  24:41  Dark Templar x2  
  66  25:05  Dark Templar x4  
Show
View Real Time Build Order
Export as new Build Order

MrFercho Zerg - Winner!

Build Orders: Pool First 

Get SALT Encoding   

  12  0:20  Spawning Pool  
  11  0:32  Drone x3  
  14  0:43  Overlord  
  14  1:16  Drone  
  14  1:17  Drone  
  14  1:18  Queen  
  18  1:20  Zergling x2  
  19  1:29  Zergling x2  
  20  1:39  Zergling x2  
  21  2:05  Drone  
  21  2:07  Overlord  
  22  2:18  Hatchery, Drone  
  22  2:47  Extractor  
  22  2:50  Drone x3  
  24  2:59  Hatchery  
  24  3:04  Zergling x2  
  24  3:13  Overlord, Hatchery  
  23  3:28  Drone x2  
  23  3:32  Drone x2  
  27  3:45  Drone x3  
  27  3:47  Drone x2  
  32  3:59  Lair  
  32  4:02  Drone x4  
  36  4:09  Drone  
  37  4:14  Queen  
  37  4:16  Drone x5  
  44  4:29  Queen  
  46  4:37  Extractor  
  45  4:38  Extractor  
  45  4:43  Drone x3  
  47  4:49  Drone x9  
  47  4:50  Overlord  
  47  4:51  Overlord  
  56  4:54  Overlord  
  56  5:11  Hydralisk Den  
  55  5:24  Drone x2  
  55  5:27  Nydus Network  
  56  5:29  Evolution Chamber  
  56  5:30  Drone x2, Evolution Chamber  
  56  5:38  Overlord x3  
  56  5:39  Overlord x4  
  56  5:42  Metabolic Boost  
  56  5:47  Muscular Augments  
  56  5:54  Extractor  
  56  5:56  Extractor, Drone x3  
  57  5:57  Drone  
  57  5:58  Drone x2  
  57  6:00  Drone  
  57  6:01  Drone x7  
  68  6:13  Hydralisk x4  
  68  6:16  Hydralisk  
  78  6:18  Overlord  
  78  6:29  Zerg Missile Weapons Level 1  
  78  6:30  Extractor  
  78  6:31  Drone  
  78  6:32  Drone x2  
  80  6:33  Overlord x3  
  80  6:34  Hydralisk  
  80  6:35  Hydralisk  
  84  6:45  Hydralisk x3  
  90  6:49  Hydralisk  
  90  6:52  Zergling x12  
  98  6:58  Grooved Spines  
  98  7:00  Zerg Ground Armor Level 1  
  98  7:04  Hydralisk  
  98  7:05  Hydralisk  
  102  7:13  Hydralisk x2  
  102  7:14  Hydralisk  
  108  7:19  Hydralisk  
  108  7:20  Hydralisk  
  110  7:52  Spore Crawler  
  110  7:56  Spine Crawler  
  105  7:59  Spine Crawler  
  105  8:00  Spine Crawler  
  105  8:01  Hydralisk, Spine Crawler  
  105  8:02  Hydralisk x12  
  124  8:12  Hatchery  
  122  8:25  Drone x4  
  122  8:26  Drone x8  
  134  8:39  Nydus Canal  
  134  8:43  Pneumatized Carapace  
  134  8:46  Zerg Missile Weapons Level 2  
  134  9:08  Spore Crawler  
  132  9:13  Spore Crawler  
  132  9:14  Spore Crawler  
  122  9:24  Hydralisk x2  
  122  9:25  Hydralisk x14  
  113  9:38  Hydralisk  
  113  9:39  Hydralisk x3  
  99  10:02  Drone x3  
  99  10:06  Zerg Ground Armor Level 2  
  102  10:16  Infestation Pit  
  101  10:21  Lurker Den  
  101  10:24  Zergling x24  
  112  10:31  Queen  
  114  10:38  Spore Crawler  
  114  10:39  Spore Crawler  
  112  10:46  Hydralisk x8  
  128  10:54  Hive  
  128  11:16  Nydus Canal  
  128  11:25  Overseer  
  118  11:54  Nydus Canal  
  117  12:06  Hydralisk x3  
  118  12:26  Seismic Spines  
  55  12:44  Overseer  
  55  12:52  Zerg Missile Weapons Level 3  
  55  12:53  Zerg Ground Armor Level 3  
  55  13:10  Zergling x20  
  55  13:11  Zergling x20  
  75  13:23  Adaptive Talons  
  71  13:27  Hydralisk x3  
  71  13:28  Hydralisk x6  
  87  13:39  Spire  
  81  13:51  Hydralisk x10  
  100  14:00  Lurker  
  88  14:22  Hydralisk x3  
  88  14:23  Hydralisk x2  
  88  14:44  Hydralisk x4  
  88  14:45  Hydralisk  
  98  15:00  Zerg Flyer Weapons Level 1  
  98  15:04  Lurker  
  99  15:10  Drone x3  
  103  15:14  Drone x4  
  103  15:15  Drone x2  
  103  15:16  Extractor  
  82  15:53  Zergling x4  
  82  15:54  Zergling x26  
  95  16:03  Zerg Melee Weapons Level 1  
  95  16:04  Adrenal Glands  
  74  16:38  Zergling x4  
  74  16:39  Zergling x34  
  87  16:53  Hydralisk x6  
  97  16:57  Zerg Flyer Weapons Level 2, Lurker Den  
  97  17:01  Corruptor x4  
  102  17:31  Hydralisk x4  
  102  17:32  Hydralisk x4  
  118  18:01  Corruptor  
  118  18:02  Corruptor x2  
  118  18:03  Corruptor  
  124  18:55  Zerg Melee Weapons Level 2  
  124  19:00  Hatchery  
  124  19:01  Extractor  
  122  19:03  Extractor  
  122  19:09  Spore Crawler  
  120  19:10  Hydralisk x2  
  120  19:11  Hydralisk  
  97  20:03  Corruptor x3  
  54  20:52  Zergling x10  
  59  21:33  Hydralisk x12  
  59  21:34  Hydralisk x14  
  111  21:43  Spine Crawler  
  111  21:45  Spine Crawler  
  111  21:46  Spine Crawler  
  101  22:02  Hydralisk x3  
  98  22:30  Hatchery  
  79  23:21  Hydralisk x2  
  69  23:37  Overseer  
  61  24:06  Hydralisk  
  61  24:07  Hydralisk x11  
  61  24:38  Zergling x12  
  62  24:39  Zergling x4  
Show
View Real Time Build Order
Export as new Build Order

tigro Terran - Winner!

Build Orders:  

Get SALT Encoding   

  12  0:15  SCV  
  13  0:26  Supply Depot  
  13  0:27  SCV  
  14  0:39  SCV  
  15  0:49  Supply Depot  
  15  0:52  Barracks, SCV  
  16  1:03  Refinery  
  17  1:04  SCV  
  17  1:16  SCV  
  18  1:28  SCV  
  19  1:34  Refinery  
  19  1:39  Marine  
  20  1:40  SCV  
  21  1:52  SCV  
  22  1:57  Marine  
  23  2:04  SCV  
  24  2:15  Marine  
  25  2:16  Factory  
  25  2:33  Marine  
  26  2:46  Orbital Command  
  26  2:50  Marine  
  27  2:57  Engineering Bay  
  27  3:10  Factory Tech Lab  
  27  3:37  Command Center  
  27  3:48  Barracks Tech Lab  
  27  3:50  Siege Tank  
  30  3:55  Refinery  
  30  4:03  SCV  
  31  4:13  Missile Turret  
  31  4:15  SCV  
  32  4:22  Siege Tank  
  35  4:41  Combat Shield  
  35  4:44  Starport, Missile Turret  
  35  4:51  Refinery  
  35  4:54  Siege Tank  
  35  4:59  Terran Infantry Weapons Level 1  
  38  5:15  Marine, Missile Turret  
  39  5:22  SCV  
  40  5:33  Marine  
  40  5:34  SCV  
  42  5:40  Medivac  
  42  5:41  Missile Turret  
  44  5:46  SCV  
  45  5:51  Marine  
  45  5:52  Armory  
  46  5:59  SCV  
  46  6:00  Stimpack  
  47  6:11  SCV  
  48  6:13  Starport Tech Lab  
  48  6:23  SCV  
  49  6:35  SCV  
  49  6:39  Missile Turret  
  50  6:47  SCV  
  50  6:53  Terran Infantry Armor Level 1  
  51  6:59  SCV  
  52  7:02  Marine  
  53  7:10  Missile Turret  
  53  7:11  SCV  
  54  7:18  Barracks  
  54  7:20  Marine  
  55  7:23  SCV  
  55  7:28  Supply Depot  
  56  7:31  Missile Turret  
  56  7:35  SCV  
  57  7:38  Marine  
  58  7:47  SCV  
  58  7:51  Supply Depot  
  58  7:56  Marine  
  59  8:14  Supply Depot  
  51  8:37  Supply Depot  
  51  8:38  Barracks Reactor  
  51  8:49  Terran Infantry Weapons Level 2  
  51  8:51  Fusion Core  
  51  9:03  Terran Vehicle Weapons Level 1  
  51  9:07  Thor  
  57  9:13  Marine  
  57  9:14  Marine x2  
  57  9:16  Medivac  
  62  9:31  Marine  
  62  9:32  Marine x2  
  65  9:49  Marine  
  65  9:50  Thor  
  70  10:06  Marine  
  71  10:14  Battlecruiser  
  71  10:19  Marine x2  
  79  10:24  Marine  
  80  10:32  Thor  
  86  10:37  Marine x2  
  86  10:41  Starport  
  86  10:42  Marine  
  89  10:54  Marine  
  89  10:55  Marine  
  91  10:57  Terran Vehicle And Ship Armor Level 1  
  91  11:00  Marine  
  91  11:01  Weapon Refit  
  91  11:03  Command Center  
  92  11:05  Terran Infantry Armor Level 2  
  92  11:12  Marine x2  
  94  11:19  Marine  
  94  11:36  Battlecruiser  
  81  12:00  Marine  
  81  12:01  Marine x2  
  72  12:18  Marine  
  72  12:19  Marine x2  
  75  12:36  Marine x2  
  75  12:37  Marine  
  77  12:40  Medivac  
  77  12:41  Rapid Reignition System  
  80  12:51  Terran Ship Weapons Level 1  
  80  12:54  Marine x3  
  83  13:09  Starport Tech Lab  
  83  13:10  Battlecruiser  
  83  13:12  Marine  
  90  13:16  Command Center  
  90  13:21  Neosteel Armor  
  84  13:39  Marine x3  
  87  13:43  Battlecruiser  
  93  13:57  Marine  
  94  14:24  Marine x2, Battlecruiser  
  94  14:27  Supply Depot, Marine  
  103  14:32  Refinery  
  103  14:42  Marine x2  
  103  14:45  Marine, Terran Vehicle Weapons Level 2  
  105  14:49  Supply Depot  
  106  14:59  Marine  
  100  15:01  Hi-Sec Auto Tracking, SCV  
  100  15:03  Marine  
  103  15:12  Thor  
  103  15:13  SCV  
  110  15:18  Battlecruiser  
  110  15:21  Marine  
  116  15:25  SCV  
  99  15:37  SCV  
  74  15:49  SCV  
  61  15:51  Planetary Fortress  
  61  15:55  Thor, Marine x3  
  70  15:58  Terran Infantry Weapons Level 3  
  63  16:12  Marine  
  63  16:13  Marine x2  
  66  16:22  Medivac  
  66  16:23  Battlecruiser  
  74  16:27  SCV  
  74  16:30  Marine  
  74  16:31  Marine x2  
  78  16:39  SCV  
  77  16:48  Marine x2  
  77  16:49  Marine  
  77  16:51  SCV  
  80  17:01  Terran Vehicle And Ship Armor Level 2  
  74  17:06  Marine x3  
  75  17:24  Marine x3  
  78  17:36  SCV  
  79  17:38  Battlecruiser x2  
  79  17:41  Marine  
  79  17:42  Marine x2  
  94  17:45  Missile Turret  
  94  17:48  SCV  
  95  17:59  Marine  
  95  18:00  Marine x2, SCV  
  92  18:12  SCV  
  86  18:18  Marine  
  87  18:24  SCV  
  88  18:39  Refinery  
  88  18:41  Planetary Fortress  
  88  18:54  Siege Tank  
  91  19:26  Siege Tank  
  78  20:12  Marine  
  78  20:13  Marine x2  
  65  20:15  Battlecruiser x2  
  76  20:30  Marine  
  76  20:31  Marine x2  
  79  20:48  Marine x3  
  71  21:06  Marine x3  
  74  21:17  Command Center  
  74  21:19  Medivac, Battlecruiser  
  74  21:24  Marine x3  
  85  21:42  Marine  
  86  21:49  Medivac  
  86  21:53  Missile Turret  
  84  22:14  Missile Turret  
  80  22:17  Missile Turret  
  56  22:35  Planetary Fortress, Missile Turret  
  56  22:42  Missile Turret  
  52  22:56  Missile Turret  
  52  23:05  Missile Turret  
  52  23:25  Missile Turret  
  52  23:46  Missile Turret  
  52  23:48  Marine  
  52  23:49  Marine x2  
  55  24:01  Refinery  
  55  24:05  Refinery  
  55  24:06  Marine x3, Battlecruiser x2  
  55  24:07  Missile Turret  
  60  24:24  Marine x3  
  63  24:42  Marine x3  
  66  25:00  Marine  
Show
View Real Time Build Order
Export as new Build Order

TATORREA Protoss - Winner!

Build Orders: Carriers 

Get SALT Encoding   

  12  0:05  Probe  
  13  0:17  Probe  
  14  0:30  Probe  
  14  0:31  Pylon  
  15  0:49  Probe  
  16  0:58  Gateway  
  16  1:01  Probe  
  17  1:10  Assimilator  
  17  1:13  Pylon, Probe  
  18  1:26  Probe (Chrono Boost)  
  19  1:37  Probe (Chrono Boost)  
  19  1:39  Assimilator  
  20  1:42  Pylon, Probe (Chrono Boost)  
  21  1:47  Pylon  
  21  1:52  Probe  
  22  2:10  Probe (Chrono Boost)  
  22  2:13  Cybernetics Core  
  23  2:20  Probe (Chrono Boost)  
  24  2:25  Probe (Chrono Boost)  
  25  2:53  Nexus  
  25  2:56  Pylon  
  25  3:05  Stargate  
  25  3:06  Stargate  
  25  3:08  Probe (Chrono Boost)  
  26  3:21  Probe (Chrono Boost)  
  27  3:28  Probe (Chrono Boost)  
  28  3:35  Probe  
  29  3:44  Pylon  
  29  3:46  Assimilator  
  29  3:47  Probe  
  30  3:50  Assimilator  
  30  3:56  Fleet Beacon  
  30  3:59  Probe  
  31  4:06  Probe  
  32  4:11  Probe  
  36  4:18  Probe  
  36  4:21  Oracle (Chrono Boost)  
  36  4:23  Probe  
  38  4:30  Probe  
  39  4:34  Oracle (Chrono Boost)  
  39  4:35  Probe  
  43  4:42  Probe  
  44  4:47  Probe  
  45  4:54  Probe  
  47  5:00  Probe  
  47  5:08  Probe  
  47  5:12  Probe  
  47  5:13  Nexus  
  49  5:16  Pylon  
  49  5:17  Pylon  
  49  5:20  Probe  
  50  5:24  Probe  
  51  5:32  Probe  
  46  6:17  Probe x2  
  48  6:26  Probe  
  48  6:27  Carrier (Chrono Boost)  
  48  6:28  Carrier (Chrono Boost)  
  48  6:29  Probe  
  48  6:30  Probe  
  48  6:31  Assimilator x2  
  63  6:38  Probe  
  64  6:41  Probe  
  64  6:42  Probe  
  64  6:45  Protoss Air Weapons Level 1 (Chrono Boost)  
  66  6:50  Probe  
  66  6:53  Probe  
  66  6:54  Probe, Nexus  
  69  6:57  Pylon  
  69  6:59  Pylon  
  69  7:02  Probe  
  69  7:06  Probe x2  
  72  7:14  Probe  
  73  7:17  Carrier x2 (Chrono Boost)  
  73  7:18  Probe x2  
  87  7:26  Probe  
  88  7:30  Probe x2  
  90  7:38  Probe  
  90  7:42  Probe x2  
  93  7:50  Probe  
  94  7:54  Probe x2  
  94  7:55  Assimilator  
  94  7:56  Carrier x2 (Chrono Boost)  
  96  8:01  Assimilator  
  96  8:03  Probe  
  97  8:06  Probe  
  110  8:53  Carrier x2  
  98  9:13  Gateway  
  98  9:14  Gateway  
  98  9:16  Gateway x2  
  98  9:21  Gateway  
  98  9:27  Pylon  
  98  9:30  Pylon  
  98  9:32  Pylon  
  98  9:36  Probe x4  
  102  9:42  Gateway  
  102  9:44  Gateway x2  
  102  9:46  Gateway  
  102  9:48  Probe x2  
  102  9:50  Gateway  
  102  9:51  Forge  
  102  9:52  Forge  
  104  9:53  Forge  
  104  9:57  Carrier  
  104  9:58  Carrier  
  116  10:02  Twilight Council  
  116  10:17  Robotics Facility  
  116  10:18  Robotics Facility  
  116  10:20  Robotics Facility  
  116  10:29  Protoss Air Weapons Level 2 (Chrono Boost)  
  116  10:35  Protoss Ground Weapons Level 1 (Chrono Boost)  
  116  10:36  Protoss Ground Armor Level 1 (Chrono Boost), Protoss Shields Level 1 (Chrono Boost)  
  116  10:46  Charge  
  116  10:47  Nexus  
  116  10:50  Pylon  
  116  10:52  Pylon  
  116  10:55  Assimilator  
  116  11:00  Assimilator  
  116  11:07  Templar Archives  
  116  11:14  Gateway  
  116  11:15  Gateway x2  
  116  11:19  Immortal x3  
  127  11:34  Void Ray x2  
  132  11:56  Psionic Storm  
  132  11:58  Observer x3  
  135  12:17  Void Ray x2  
  143  12:24  Warp Gate  
  143  12:49  Nexus  
  143  13:04  Pylon, Probe x3  
  146  13:07  Pylon  
  146  13:10  Immortal x2  
  146  13:12  Nexus  
  154  13:13  Pylon  
  154  13:16  Pylon, Probe x3  
  157  13:22  Immortal, Pylon  
  157  13:26  Pylon  
  161  13:27  Pylon  
  161  13:28  Probe x3  
  164  13:34  Pylon x2  
  164  13:38  Pylon  
  164  13:40  Probe x3  
  167  13:46  Robotics Bay  
  167  13:48  Unknown  
  167  13:49  Immortal x2  
  167  13:52  Probe  
  176  14:01  Protoss Shields Level 2, Protoss Ground Armor Level 2, Protoss Ground Weapons Level 2  
  176  14:02  Blink (Chrono Boost)  
  168  14:21  Stalker  
  168  14:22  Stalker x4  
  168  14:23  Stalker x2  
  170  14:24  Stalker x2  
  170  14:25  Stalker x4  
  170  14:26  Stalker  
  184  14:39  Extended Thermal Lance  
  184  14:41  Colossus x2  
  198  15:15  Assimilator  
  184  15:40  Colossus x2  
  146  16:10  Zealot x4  
  146  16:11  Zealot x5  
  136  16:12  Zealot x2  
  136  16:13  Zealot  
  136  16:14  Zealot  
  129  16:56  Cybernetics Core  
  129  17:37  Nexus  
  129  17:38  Pylon  
  129  17:39  Pylon  
  128  17:51  Gateway  
  128  17:52  Gateway x2  
  128  17:53  Gateway, Zealot  
  128  17:54  Zealot x5  
  128  17:55  Zealot x4  
  128  17:56  Gateway, Zealot x3  
  128  17:57  Gateway  
  128  17:58  Gateway  
  148  18:06  Gateway  
  148  18:08  Gateway x2  
  148  18:09  Protoss Shields Level 3 (Chrono Boost), Protoss Ground Weapons Level 3 (Chrono Boost), Protoss Ground Armor Level 3 (Chrono Boost)  
  148  18:10  Gateway  
  148  18:11  Gateway  
  146  18:12  Gateway  
  146  18:14  Gateway  
  142  18:21  Stalker x2  
  142  18:22  Stalker x5  
  142  18:23  Stalker x2  
  142  18:24  Stalker x3  
  142  18:25  Stalker  
  168  18:57  Stalker  
  168  18:58  Stalker  
  168  18:59  High Templar x5  
  168  19:00  High Templar x5  
  168  19:01  High Templar x4  
  200  19:04  Archon  
  200  19:05  Archon x4  
  200  19:06  Archon  
  200  19:09  Archon  
  176  19:18  Assimilator  
  176  19:19  Pylon x2  
  176  19:22  Assimilator, Nexus  
  168  19:47  Zealot x6  
  168  19:48  Zealot x5  
  168  19:50  High Templar x2  
  168  19:51  High Templar x3  
  200  19:56  Archon  
  200  19:57  Archon  
  94  21:54  Stalker  
  94  21:55  Stalker x4  
  94  21:56  Stalker x3  
  94  21:57  Stalker x2  
  94  21:58  Zealot x3  
  94  21:59  Zealot x5  
  94  22:00  Zealot x4  
  94  22:01  Zealot x2  
  132  22:02  Zealot x3  
  115  22:30  Zealot x2  
  115  22:31  Zealot x5  
  115  22:32  Zealot x2  
  115  22:33  Stalker x3  
  115  22:34  Stalker x2, High Templar  
  115  22:35  High Templar x3  
  115  22:36  High Templar x3  
  115  22:37  High Templar x4  
  153  22:38  High Templar x2  
  153  22:40  Archon x3  
  153  22:41  Archon x2  
  153  22:42  Archon  
  61  23:32  Gravitic Boosters (Chrono Boost), Observer x2 (Chrono Boost)  
  63  23:37  Probe  
  63  23:39  High Templar x2  
  63  23:40  High Templar x5  
  63  23:41  High Templar x5  
  82  23:42  High Templar x4  
  82  23:43  High Templar x2  
  82  23:45  Zealot  
  82  23:46  Zealot x3  
  82  23:47  Zealot x3  
  82  23:48  Zealot x2  
  118  23:58  Archon x2  
  118  23:59  Archon x5  
  118  24:00  Archon x2  
  118  24:07  Zealot x3  
  118  24:08  Zealot x3  
  118  24:09  Zealot x3  
  136  24:15  Zealot x2  
  136  24:16  Zealot x3  
  146  24:17  Zealot x4  
  146  24:18  Zealot x4  
  146  24:19  Zealot x4  
  146  24:20  Zealot  
  158  24:52  Zealot  
  158  24:53  Zealot x4  
  158  24:54  Zealot  
Tags
 
Add a new tag
Caveats
  • Supply blocks, unpowered buildings, or Contaminate may cause inaccurate times.
  • Supply counts are checked every 10 seconds.